 Dungeon Crawl Stone Soup version 0.29.0-4-gdea44cf6ec (webtiles) character file.

Game seed: 4400538541264029220

21936 qw the Brawler (level 12, -1/118 HPs)
             Began as a Troll Cinder Acolyte on Aug 31, 2022.
             Was an Initiate of Okawaru.
             Slain by a yak (9 damage)
             ... on level 5 of the Lair of Beasts.
             The game lasted 00:05:38 (11746 turns).

qw the Brawler (Troll Cinder Acolyte)              Turns: 11746, Time: 00:05:39

Health: -1/118     AC:  6    Str: 34    XL:     12   Next: 58%
Magic:  12/12      EV: 11    Int: 15    God:    Okawaru [......]
Gold:   284        SH:  0    Dex: 13    Spells: 13/13 levels left

rFire   . . .      SeeInvis .     - Unarmed
rCold   + + .      Faith    .   (no shield)
rNeg    . . .      Spirit   .   a - +0 robe
rPois   .          Reflect  .   p - +2 hat {Int+3}
rElec   .          Harm     .   s - scarf {repulsion}
rCorr   .          Rampage  .   (gloves unavailable)
Will    .....                   (boots unavailable)
Stlth   +.........              m - amulet of the acrobat
HPRegen 1.09/turn               o - ring of protection from cold
MPRegen 0.13/turn               g - ring "Qooss" {rF+ rC+ Str+3 Dex+6}

@: lethally poisoned (-1 -> -13), about to teleport, repel missiles, fire
susceptible
A: large, unfitting armour, claws 3, regeneration 1, shaggy fur 1, tough skin 1,
agile 1, clever 1, fire resistance 1, strong 1
a: Renounce Religion


You were on level 5 of the Lair of Beasts.
You worshipped Okawaru.
Okawaru was noncommittal.
You visited 2 branches of the dungeon, and saw 13 of its levels.

You collected 650 gold pieces.
You spent 366 gold pieces at shops.


Innate Abilities, Weirdness & Mutations

You are too large for most types of armour.
You have claws for hands.
Your natural rate of healing is unusually fast.
You are covered in fur. (AC +1)
You have tough skin. (AC +1)
You are agile. (Dex +4, Str/Int -1)
Your mind is acute. (Int +4, Str/Dex -1)
Your flesh is heat resistant. (rF+)
Your muscles are strong. (Str +4, Int/Dex -1)


   Skills:
 - Level 7.0 Fighting
 - Level 6.0 Throwing
 - Level 4.6 Dodging
 + Level 17.6 Unarmed Combat
 - Level 1.0 Spellcasting
 - Level 2.1 Fire Magic


You had 13 spell levels left.
You didn't know any spells.
Your spell library contained the following spells:

 Spells                   Type           Power      Damage    Failure   Level
 Scorch                   Fire           14%        2d5       16%         2

Inventory:

Missiles
 l - 4 silver javelins
 u - 6 boomerangs (quivered)
Armour
 a - a +0 robe (worn)
 k - a +1 cloak
 p - a +2 hat of intelligence (worn)
 s - a scarf of repulsion (worn)
Jewellery
 g - the ring "Qooss" (right claw) {rF+ rC+ Str+3 Dex+6}
   (You acquired it on level 6 of the Dungeon)

   [ring of dexterity]

   Str:       It affects your strength (+3).
   Dex:       It affects your dexterity (+6).
   rF:        It protects you from fire.
   rC:        It protects you from cold.
 m - an amulet of the acrobat (around neck)
 n - a ring of resist corrosion
 o - a ring of protection from cold (left claw)
 r - a ring of positive energy
Scrolls
 d - 10 scrolls of identify
 i - 2 scrolls of enchant weapon
 j - 4 scrolls of teleportation
Potions
 b - 7 potions of curing
 c - 4 potions of might
 e - 4 potions of cancellation
 h - 2 potions of haste
 q - a potion of resistance
 v - 3 potions of mutation

Dungeon Overview and Level Annotations

Branches:
Dungeon (8/15)             Temple (0/1) D:6            Lair (5/5) D:8
 Shoals (0/4) Lair:2        Snake (0/4) Lair:2        Slime (0/5) Lair:4

Altars:
Ashenzari
Elyvilon
Gozag
Makhleb
Nemelex Xobeh
Okawaru
Uskayaw
Wu Jian
Xom
Zin
The Shining One
Jiyva

Shops:
D:8 !*

Annotations:
Lair:4 2 transporters, qw's ghost, journeyman TrCA


Message History

You feel sick. The water moccasin bites you!
You are more poisoned.
The water moccasin poisons you! The yak closely misses you.
You closely miss the water moccasin.
You feel very sick. The water moccasin bites you.
You barely miss the water moccasin.
You feel sick. The water moccasin bites you.
You are more poisoned.
The water moccasin poisons you! The yak gores you!
You scratch the water moccasin but do no damage.
You claw the water moccasin.
The water moccasin is lightly wounded.
You feel very sick. The water moccasin barely misses you.
The yak gores you but does no damage. The yak gores you!
11743 ||| READING 5 scrolls of teleportation.
As you read the scroll of teleportation, it crumbles to dust.
You feel strangely unstable.
You feel very sick.
The water moccasin bites you but does no damage.
The yak gores you! The yak gores you. The yak barely misses you.
11744 ||| DRINKING potion of heal wounds.
You feel much better.
You feel very sick.
The water moccasin bites you but does no damage.
The yak gores you. The yak barely misses you. The water moccasin misses you.
The yak barely misses you.
You mangle the water moccasin!! Your claw misses the water moccasin.
The water moccasin is almost dead.
You feel very sick. The water moccasin bites you.
You are lethally poisoned!
The water moccasin poisons you!
You eviscerate the water moccasin!!!
You kill the water moccasin!
Okawaru accepts your kill.
You feel very sick. The yak barely misses you. The yak gores you!
You die...

.#........#
#.........##
#..........##
..........#.#
...........#
P......<..##
...........#
#........Y##
#........Y@#
.P.......YY#
...........#
..........##
#.........#
#.........
#$.....##
.#....


You could see 4 yaks.

Vanquished Creatures
  Gastronok (Lair:1)
  A hydra (Lair:4)
  A catoblepas (Lair:2)
  A boulder beetle (Lair:1)
  4 death yaks (Lair:2)
  Erica (D:8)
  3 merfolk sirens (Lair:2)
  2 black mambas
  7 cane toads
  3 elephants (Lair:3)
  A rime drake (Lair:1)
  A komodo dragon (Lair:3)
  A polar bear (Lair:1)
  A merfolk (Lair:2)
  A hornet (D:8)
  12 blink frogs
  Sigmund (D:6)
  7 yaks
  A basilisk (Lair:2)
  A naga (Lair:2)
  11 water moccasins
  2 hell hounds (Lair:2)
  2 orc warriors (D:8)
  4 ice beasts
  A sky beast (D:7)
  3 black bears
  13 wolves
  2 ogres
  A centaur (D:5)
  A phantom (D:5)
  A kobold brigand (D:6)
  An elf zombie (D:4)
  A necrophage (D:7)
  3 elf skeletons (D:4)
  14 bullfrogs
  A scorpion (D:5)
  3 wights (D:8)
  9 killer bees
  3 howler monkeys (D:7)
  13 jellies
  A human zombie (D:4)
  4 orc priests
  7 hounds
  4 iguanas
  5 orc wizards
  14 gnolls
  13 adders
  A river rat (D:3)
  A shadow imp (D:6)
  An ufetubus (D:4)
  A worm (D:3)
  3 dart slugs
  23 orcs
  2 ball pythons
  5 bats
  12 endoplasms
  A giant cockroach (D:1)
  5 hobgoblins
  2 jackals
  12 kobolds
  2 quokkas
  5 frilled lizards
  8 goblins
  An orc skeleton (D:4)
  4 rats
  A butterfly (Lair:1)
278 creatures vanquished.

Vanquished Creatures (others)
  19 fungi
  26 plants
45 creatures vanquished.

Grand Total: 323 creatures vanquished

Notes
Turn   | Place    | Note
-------+----------+-------------------------------------------
     0 | D:1      | qw the Troll Cinder Acolyte began the quest for the Orb.
     0 | D:1      | Reached XP level 1. HP: 22/22 MP: 1/1
     0 | D:1      | 0 ||| qw: Version: 0.1-a-97-g2dd2ca4
     0 | D:1      | 0 ||| qw: Game counter: 4640
     0 | D:1      | 0 ||| qw: Always use a shield: true
     0 | D:1      | 0 ||| qw: God list: Okawaru
     0 | D:1      | 0 ||| qw: Allow faded altars: false
     0 | D:1      | 0 ||| qw: Do Orc after D:15 true
     0 | D:1      | 0 ||| qw: Do second Lair branch before Depths: true
     0 | D:1      | 0 ||| qw: Lair rune preference: random
     0 | D:1      | 0 ||| qw: Plans: Normal
     0 | D:1      | 0 ||| PLANNING D:1-11
   124 | D:1      | Reached XP level 2. HP: 27/29 MP: 2/2
   137 | D:1      | 137 ||| Stepping ~*~*~tactically~*~*~ (stealth).
   138 | D:1      | 138 ||| Stepping ~*~*~tactically~*~*~ (stealth).
   892 | D:1      | 892 ||| READING scroll labelled MIYHEA PEZAHA.
   961 | D:2      | 961 ||| INVOKING Fiery Armour.
   968 | D:2      | 968 ||| Stepping ~*~*~tactically~*~*~ (outnumbered).
   970 | D:2      | Reached skill level 4 in Unarmed Combat
   972 | D:2      | Reached XP level 3. HP: 20/36 MP: 3/3
  1113 | D:2      | Reached XP level 4. HP: 35/44 MP: 4/4
  1198 | D:2      | Reached skill level 5 in Unarmed Combat
  1767 | D:2      | 1767 ||| READING scroll labelled LOPSAO YTRA.
  1771 | D:2      | 1771 ||| READING scroll labelled YXZUTOJIAPH.
  1772 | D:2      | 1772 ||| DRINKING 2 silvery potions.
  1773 | D:2      | 1773 ||| DRINKING 2 yellow potions.
  1774 | D:2      | 1774 ||| READING 2 scrolls of identify.
  1774 | D:2      | 1774 ||| IDENTIFYING murky amethyst potion
  1775 | D:2      | 1775 ||| DROPPING potion of brilliance.
  1786 | D:3      | 1786 ||| PLANNING SEWER
  1786 | D:3      | 1786 ||| STAIRDANCE
  1956 | D:3      | 1956 ||| Stepping ~*~*~tactically~*~*~ (hiding).
  2145 | D:3      | Reached XP level 5. HP: 46/50 MP: 5/5
  2162 | D:3      | 2162 ||| Stepping ~*~*~tactically~*~*~ (stealth).
  2245 | D:3      | Noticed an ogre
  2253 | D:3      | Killed an ogre
  2254 | D:3      | Reached skill level 6 in Unarmed Combat
  2419 | D:3      | 2419 ||| RIP SEWER
  2451 | D:3      | 2451 ||| PLANNING D:1-11
  2600 | D:3      | 2600 ||| READING scroll labelled WUEDIGGUDD.
  2601 | D:3      | 2601 ||| READING scroll labelled UCOTEI ZETTUAR.
  2602 | D:3      | 2602 ||| DRINKING 2 viscous brown potions.
  2603 | D:3      | 2603 ||| READING 2 scrolls of identify.
  2603 | D:3      | 2603 ||| IDENTIFYING pink potion
  2621 | D:4      | 2621 ||| PLANNING OSSUARY
  2626 | D:4      | Reached XP level 6. HP: 59/59 MP: 6/6
  2656 | D:4      | 2656 ||| Stepping ~*~*~tactically~*~*~ (stealth).
  2712 | D:4      | Reached skill level 7 in Unarmed Combat
  2803 | D:4      | 2803 ||| Stepping ~*~*~tactically~*~*~ (stealth).
  2812 | D:4      | 2812 ||| Stepping ~*~*~tactically~*~*~ (outnumbered).
  2813 | D:4      | 2813 ||| Stepping ~*~*~tactically~*~*~ (outnumbered).
  2814 | D:4      | 2814 ||| Stepping ~*~*~tactically~*~*~ (outnumbered).
  2815 | D:4      | 2815 ||| Stepping ~*~*~tactically~*~*~ (outnumbered).
  2907 | D:4      | Reached skill level 1 in Throwing
  3138 | D:4      | Found a glowing silver altar of Zin.
  3138 | D:4      | Noticed an angel
  3277 | D:4      | Found a sand-covered staircase.
  3288 | D:4      | Reached XP level 7. HP: 55/66 MP: 7/7
  3299 | D:4      | 3299 ||| DROPPING +6 ring of intelligence.
  3300 | D:4      | 3300 ||| UPGRADING to ring of protection from cold.
  3301 | D:4      | 3301 ||| READING 3 scrolls labelled ATESUBUSAT.
  3332 | D:4      | 3332 ||| READING scroll labelled SUHAUHEINE.
  3333 | D:4      | 3333 ||| DRINKING 2 bubbling brown potions.
  3334 | D:4      | 3334 ||| READING 2 scrolls of identify.
  3334 | D:4      | 3334 ||| IDENTIFYING fizzy golden potion
  3335 | D:4      | 3335 ||| DROPPING potion of ambrosia.
  3336 | D:4      | 3336 ||| DROPPING 2 scrolls of torment.
  3354 | D:4      | Reached skill level 8 in Unarmed Combat
  3387 | D:4      | Reached skill level 3 in Fighting
  3415 | D:4      | 3415 ||| RIP OSSUARY
  3415 | D:4      | 3415 ||| PLANNING D:1-11
  3438 | D:5      | Entered Level 5 of the Dungeon
  3443 | D:5      | 3443 ||| Stepping ~*~*~tactically~*~*~ (stealth).
  3693 | D:5      | 3693 ||| INVOKING Fiery Armour.
  3695 | D:5      | Reached skill level 9 in Unarmed Combat
  3774 | D:5      | Reached skill level 1 in Dodging
  3774 | D:5      | Reached XP level 8. HP: 67/75 MP: 8/8
  3783 | D:5      | Found an iron altar of Okawaru.
  3921 | D:5      | 3921 ||| Stepping ~*~*~tactically~*~*~ (hiding).
  3966 | D:5      | Found a broken altar of Ashenzari.
  4258 | D:5      | Found a sparkling altar of Nemelex Xobeh.
  4258 | D:5      | Found an opulent altar of Gozag.
  4263 | D:5      | Identified the +0 plate armour of Restlessness {rN+}
  4396 | D:5      | 4396 ||| DRINKING 2 fuming emerald potions.
  4443 | D:5      | 4443 ||| DROPPING potion of lignification.
  4507 | D:6      | 4507 ||| STAIRDANCE
  4513 | D:5      | 4513 ||| INVOKING Fiery Armour.
  4580 | D:6      | Reached skill level 10 in Unarmed Combat
  4580 | D:6      | 4580 ||| STAIRDANCE
  4643 | D:6      | 4643 ||| Stepping ~*~*~tactically~*~*~ (hiding).
  4815 | D:6      | 4815 ||| Stepping ~*~*~tactically~*~*~ (stealth).
  4935 | D:6      | 4935 ||| Stepping ~*~*~tactically~*~*~ (stealth).
  4943 | D:6      | Reached skill level 3 in Throwing
  4943 | D:6      | 4943 ||| FLEEEEING.
  4944 | D:6      | 4944 ||| FLEEEEING.
  4948 | D:6      | 4948 ||| Stepping ~*~*~tactically~*~*~ (stealth).
  4952 | D:6      | 4952 ||| INVOKING Fiery Armour.
  5006 | D:6      | Found a staircase to the Ecumenical Temple.
  5033 | D:6      | 5033 ||| Stepping ~*~*~tactically~*~*~ (hiding).
  5034 | D:6      | 5034 ||| Stepping ~*~*~tactically~*~*~ (hiding).
  5035 | D:6      | 5035 ||| Stepping ~*~*~tactically~*~*~ (hiding).
  5452 | D:6      | Noticed Sigmund
  5458 | D:6      | Killed Sigmund
  5459 | D:6      | Reached XP level 9. HP: 47/85 MP: 9/9
  5541 | D:6      | 5541 ||| UPGRADING to +0 cloak.
  5546 | D:6      | 5546 ||| READING scroll labelled LAJUNGO KUEDEUC.
  5547 | D:6      | 5547 ||| READING scroll labelled USHROIH PUCSEALU.
  5547 | D:6      | Identified a scroll of acquirement
  5547 | D:6      | 5547 ||| ACQUIRING ring "Qooss" {rF+ rC+ Str+3 Dex+6}
  5547 | D:6      | Acquired the ring "Qooss" {rF+ rC+ Str+3 Dex+6}
  5549 | D:6      | 5549 ||| UPGRADING to ring "Qooss" {rF+ rC+ Str+3 Dex+6}.
  5550 | D:6      | 5550 ||| READING 2 scrolls of identify.
  5550 | D:6      | 5550 ||| IDENTIFYING inky potion
  5551 | D:6      | 5551 ||| DROPPING potion of degeneration.
  5602 | D:7      | Found a flagged portal.
  5623 | D:7      | Identified the +6 chain mail of Gesa {Int+7 SInv}
  5715 | D:7      | Reached skill level 11 in Unarmed Combat
  5721 | D:7      | 5721 ||| Stepping ~*~*~tactically~*~*~ (hiding).
  5728 | D:7      | 5728 ||| Stepping ~*~*~tactically~*~*~ (hiding).
  5906 | D:7      | 5906 ||| Stepping ~*~*~tactically~*~*~ (hiding).
  5941 | D:7      | Found a shimmering altar of Xom.
  6063 | D:7      | 6063 ||| READING scroll of enchant armour.
  6063 | D:7      | 6063 ||| ENCHANTING +0 cloak.
  6111 | D:7      | Found a burning altar of Makhleb.
  6111 | D:7      | Found a white marble altar of Elyvilon.
  6111 | D:7      | Found a glowing golden altar of the Shining One.
  6114 | D:7      | Found an ornate altar of the Wu Jian Council.
  6115 | D:7      | Found a hide-covered altar of Uskayaw.
  6334 | D:7      | Reached skill level 12 in Unarmed Combat
  6508 | D:7      | 6508 ||| DROPPING orb of wrath.
  6509 | D:7      | 6509 ||| UPGRADING to amulet of the acrobat.
  6514 | D:7      | 6514 ||| DRINKING 2 metallic inky potions.
  6515 | D:7      | 6515 ||| DRINKING 3 purple potions.
  6515 | D:7      | Gained mutation: You are agile. (Dex +4, Str/Int -1)
                  | [potion of mutation]
  6515 | D:7      | Gained mutation: Your muscles are strong. (Str +4, Int/Dex
                  | -1) [potion of mutation]
  6515 | D:7      | Gained mutation: Your flesh is heat resistant. (rF+)
                  | [potion of mutation]
  6515 | D:7      | Gained mutation: Your mind is acute. (Int +4, Str/Dex -1)
                  | [potion of mutation]
  6516 | D:7      | 6516 ||| READING 2 scrolls of identify.
  6516 | D:7      | 6516 ||| IDENTIFYING clear potion
  6517 | D:7      | 6517 ||| DROPPING potion of flight.
  6518 | D:7      | 6518 ||| DROPPING potion of magic.
  6613 | D:8      | Noticed Erica
  6614 | D:8      | 6614 ||| Stepping ~*~*~tactically~*~*~ (hiding).
  6716 | D:8      | 6716 ||| DRINKING 4 potions of curing.
  6716 | D:8      | 6716 ||| (to cure confusion)
  6717 | D:8      | 6717 ||| Stepping ~*~*~tactically~*~*~ (hiding).
  6718 | D:8      | 6718 ||| INVOKING Fiery Armour.
  6722 | D:8      | Killed Erica
  6794 | D:8      | 6794 ||| Stepping ~*~*~tactically~*~*~ (stealth).
  6795 | D:8      | Found Riebb's Distillery.
  6813 | D:8      | Reached XP level 10. HP: 85/94 MP: 10/10
  6857 | D:8      | 6857 ||| BUYING potion of cancellation (96 gold).
  6857 | D:8      | Bought a potion of cancellation for 96 gold pieces
  6857 | D:8      | 6857 ||| BUYING potion of curing (36 gold).
  6857 | D:8      | Bought a potion of curing for 36 gold pieces
  6857 | D:8      | 6857 ||| BUYING potion of curing (36 gold).
  6857 | D:8      | Bought a potion of curing for 36 gold pieces
  6857 | D:8      | 6857 ||| BUYING potion of curing (36 gold).
  6857 | D:8      | Bought a potion of curing for 36 gold pieces
  6857 | D:8      | 6857 ||| BUYING potion of haste (120 gold).
  6857 | D:8      | Bought a potion of haste for 120 gold pieces
  6857 | D:8      | 6857 ||| SHOPLISTING potion of haste (120 gold, have 18).
  6857 | D:8      | 6857 ||| SHOPLISTING potion of heal wounds (60 gold, have
                  | 18).
  6857 | D:8      | 6857 ||| SHOPLISTING potion of might (48 gold, have 18).
  6857 | D:8      | 6857 ||| SHOPLISTING potion of mutation (96 gold, have 18).
  6899 | D:8      | 6899 ||| Stepping ~*~*~tactically~*~*~ (stealth).
  6900 | D:8      | 6900 ||| Stepping ~*~*~tactically~*~*~ (stealth).
  6902 | D:8      | 6902 ||| Stepping ~*~*~tactically~*~*~ (stealth).
  6908 | D:8      | 6908 ||| FLEEEEING.
  6909 | D:8      | 6909 ||| FLEEEEING.
  6910 | D:8      | 6910 ||| FLEEEEING.
  6964 | D:8      | 6964 ||| Stepping ~*~*~tactically~*~*~ (stealth).
  6970 | D:8      | 6970 ||| Stepping ~*~*~tactically~*~*~ (stealth).
  6972 | D:8      | 6972 ||| Stepping ~*~*~tactically~*~*~ (hiding).
  7062 | D:8      | Paralysed by a hornet for 1 turns
  7091 | D:8      | 7091 ||| Stepping ~*~*~tactically~*~*~ (stealth).
  7112 | D:8      | 7112 ||| Stepping ~*~*~tactically~*~*~ (hiding).
  7234 | D:8      | Found Jaiczoit's General Store.
  7246 | D:8      | 7246 ||| SHOPLISTING potion of mutation (112 gold, have
                  | 42).
  7246 | D:8      | 7246 ||| SHOPLISTING potion of resistance (140 gold, have
                  | 42).
  7246 | D:8      | 7246 ||| BUYING scroll of teleportation (42 gold).
  7246 | D:8      | Bought a scroll of teleportation for 42 gold pieces
  7345 | D:8      | Found a staircase to the Lair.
  7396 | D:8      | 7396 ||| Stepping ~*~*~tactically~*~*~ (stealth).
  7398 | D:8      | 7398 ||| Stepping ~*~*~tactically~*~*~ (hiding).
  7433 | D:8      | 7433 ||| PLANNING LAIR
  7433 | D:8      | 7433 ||| UPGRADING to scarf of repulsion.
  7443 | D:8      | 7443 ||| READING scroll labelled USMIOKHL LYNAU.
  7444 | D:8      | 7444 ||| DRINKING 2 bubbling inky potions.
  7445 | D:8      | 7445 ||| READING 7 scrolls of identify.
  7445 | D:8      | 7445 ||| IDENTIFYING fuming blue potion
  7446 | D:8      | 7446 ||| READING 6 scrolls of identify.
  7446 | D:8      | 7446 ||| IDENTIFYING lumpy ruby potion
  7447 | D:8      | 7447 ||| DROPPING potion of attraction.
  7448 | D:8      | 7448 ||| DROPPING potion of berserk rage.
  7474 | Lair:1   | Entered Level 1 of the Lair of Beasts
  7490 | Lair:1   | 7490 ||| Stepping ~*~*~tactically~*~*~ (stealth).
  7535 | Lair:1   | Reached skill level 13 in Unarmed Combat
  7609 | Lair:1   | Found an ornate altar of the Wu Jian Council.
  7609 | Lair:1   | Noticed a boulder beetle
  7610 | Lair:1   | Found a hide-covered altar of Uskayaw.
  7611 | Lair:1   | 7611 ||| INVOKING Fiery Armour.
  7622 | Lair:1   | Killed a boulder beetle
  7824 | Lair:1   | Reached skill level 14 in Unarmed Combat
  7824 | Lair:1   | 7824 ||| Stepping ~*~*~tactically~*~*~ (stealth).
  7825 | Lair:1   | 7825 ||| Stepping ~*~*~tactically~*~*~ (stealth).
  7826 | Lair:1   | 7826 ||| Stepping ~*~*~tactically~*~*~ (stealth).
  7831 | Lair:1   | 7831 ||| INVOKING Fiery Armour.
  7864 | Lair:1   | Noticed a cane toad
  7870 | Lair:1   | Killed a cane toad
  7871 | Lair:1   | Reached skill level 6 in Fighting
  7871 | Lair:1   | Reached XP level 11. HP: 105/105 MP: 11/11
  7958 | Lair:1   | Noticed Gastronok
  7972 | Lair:1   | Killed Gastronok
  8475 | Lair:1   | 8475 ||| UPGRADING to +2 hat of intelligence.
  8609 | Lair:2   | Identified the +4 falchion of Experimentation {vorpal,
                  | SInv}
  8631 | Lair:2   | Found a dark tunnel.
  8737 | Lair:2   | Found a staircase to the Shoals.
  8738 | Lair:2   | 8738 ||| Stepping ~*~*~tactically~*~*~ (stealth).
  8740 | Lair:2   | 8740 ||| Stepping ~*~*~tactically~*~*~ (hiding).
  8746 | Lair:2   | 8746 ||| Stepping ~*~*~tactically~*~*~ (hiding).
  8749 | Lair:2   | 8749 ||| Stepping ~*~*~tactically~*~*~ (outnumbered).
  8759 | Lair:2   | 8759 ||| INVOKING Fiery Armour.
  8763 | Lair:2   | HP: 21/105 [merfolk/+1 trident of protection (22)]
  8764 | Lair:2   | 8764 ||| READING 7 scrolls of teleportation.
  8765 | Lair:2   | 8765 ||| DRINKING 3 potions of heal wounds.
  8766 | Lair:2   | 8766 ||| DRINKING 2 potions of heal wounds.
  8768 | Lair:2   | 8768 ||| DRINKING potion of heal wounds.
  8768 | Lair:2   | HP: 25/105 [merfolk/+1 trident of protection (3)]
  8769 | Lair:2   | Found a staircase to the Snake Pit.
  8773 | Lair:2   | HP: 23/105 [poisoned by a cane toad]
  8857 | Lair:2   | Noticed a death yak
  8857 | Lair:2   | Noticed a death yak
  8859 | Lair:2   | Noticed a death yak
  8860 | Lair:2   | 8860 ||| Stepping ~*~*~tactically~*~*~ (stealth).
  8862 | Lair:2   | Noticed a death yak
  8866 | Lair:2   | 8866 ||| INVOKING Fiery Armour.
  8872 | Lair:2   | 8872 ||| Stepping ~*~*~tactically~*~*~ (outnumbered).
  8873 | Lair:2   | 8873 ||| Stepping ~*~*~tactically~*~*~ (outnumbered).
  8874 | Lair:2   | 8874 ||| Stepping ~*~*~tactically~*~*~ (outnumbered).
  8875 | Lair:2   | 8875 ||| Stepping ~*~*~tactically~*~*~ (outnumbered).
  8876 | Lair:2   | 8876 ||| Stepping ~*~*~tactically~*~*~ (outnumbered).
  8877 | Lair:2   | 8877 ||| Stepping ~*~*~tactically~*~*~ (outnumbered).
  8878 | Lair:2   | 8878 ||| Stepping ~*~*~tactically~*~*~ (outnumbered).
  8878 | Lair:2   | Killed a death yak
  8879 | Lair:2   | Reached skill level 15 in Unarmed Combat
  8882 | Lair:2   | Killed a death yak
  8890 | Lair:2   | Killed a death yak
  8893 | Lair:2   | HP: 21/105 [death yak (15)]
  8894 | Lair:2   | 8894 ||| READING 6 scrolls of teleportation.
  8895 | Lair:2   | Killed a death yak
  8994 | Lair:2   | Noticed a catoblepas
  8995 | Lair:2   | 8995 ||| Stepping ~*~*~tactically~*~*~ (cloud).
  8998 | Lair:2   | 8998 ||| Stepping ~*~*~tactically~*~*~ (cloud).
  8999 | Lair:2   | 8999 ||| INVOKING Fiery Armour.
  9002 | Lair:2   | 9002 ||| Stepping ~*~*~tactically~*~*~ (cloud).
  9003 | Lair:2   | Killed a catoblepas
  9004 | Lair:2   | Reached skill level 16 in Unarmed Combat
  9126 | Lair:2   | 9126 ||| Stepping ~*~*~tactically~*~*~ (stealth).
  9525 | Lair:2   | 9525 ||| Stepping ~*~*~tactically~*~*~ (outnumbered).
  9817 | Lair:2   | 9817 ||| READING scroll labelled ACVA DAIVVEM.
  9818 | Lair:2   | 9818 ||| READING scroll labelled SULACWE RATOY.
  9819 | Lair:2   | 9819 ||| READING scroll labelled YMPI QO QOSH.
  9820 | Lair:2   | 9820 ||| READING 9 scrolls of identify.
  9820 | Lair:2   | 9820 ||| IDENTIFYING fuming orange potion
  9821 | Lair:2   | 9821 ||| DROPPING potion of invisibility.
  9867 | Lair:3   | Reached XP level 12. HP: 96/118 MP: 12/12
  9870 | Lair:3   | 9870 ||| FLEEEEING.
  9871 | Lair:3   | 9871 ||| FLEEEEING.
  9872 | Lair:3   | 9872 ||| FLEEEEING.
  9873 | Lair:3   | 9873 ||| FLEEEEING.
  9989 | Lair:3   | 9989 ||| INVOKING Fiery Armour.
 10007 | Lair:3   | 10007 ||| FLEEEEING.
 10008 | Lair:3   | 10008 ||| FLEEEEING.
 10025 | Lair:3   | 10025 ||| FLEEEEING.
 10026 | Lair:3   | 10026 ||| FLEEEEING.
 10027 | Lair:3   | 10027 ||| FLEEEEING.
 10135 | Lair:3   | 10135 ||| Stepping ~*~*~tactically~*~*~ (stealth).
 10145 | Lair:3   | 10145 ||| Stepping ~*~*~tactically~*~*~ (outnumbered).
 10146 | Lair:3   | 10146 ||| Stepping ~*~*~tactically~*~*~ (outnumbered).
 10147 | Lair:3   | 10147 ||| Stepping ~*~*~tactically~*~*~ (outnumbered).
 10150 | Lair:3   | 10150 ||| FLEEEEING.
 10572 | Lair:3   | 10572 ||| READING scroll labelled YLIDEDD OVURCHI.
 10573 | Lair:3   | 10573 ||| READING 5 scrolls of teleportation.
 10659 | Lair:4   | Noticed qw's ghost (journeyman TrCA)
 10660 | Lair:4   | 10660 ||| Stepping ~*~*~tactically~*~*~ (stealth).
 10661 | Lair:4   | 10661 ||| Stepping ~*~*~tactically~*~*~ (stealth).
 10662 | Lair:4   | 10662 ||| INVOKING Fiery Armour.
 10723 | Lair:4   | Found a transporter.
 10740 | Lair:4   | Reached skill level 17 in Unarmed Combat
 10745 | Lair:4   | Reached skill level 6 in Throwing
 10753 | Lair:4   | 10753 ||| Stepping ~*~*~tactically~*~*~ (outnumbered).
 10798 | Lair:4   | 10798 ||| Stepping ~*~*~tactically~*~*~ (stealth).
 10808 | Lair:4   | 10808 ||| FLEEEEING.
 10809 | Lair:4   | 10809 ||| FLEEEEING.
 10810 | Lair:4   | 10810 ||| FLEEEEING.
 10811 | Lair:4   | 10811 ||| FLEEEEING.
 10812 | Lair:4   | 10812 ||| FLEEEEING.
 10813 | Lair:4   | 10813 ||| FLEEEEING.
 10814 | Lair:4   | 10814 ||| FLEEEEING.
 10815 | Lair:4   | 10815 ||| FLEEEEING.
 10816 | Lair:4   | 10816 ||| FLEEEEING.
 10817 | Lair:4   | 10817 ||| FLEEEEING.
 10818 | Lair:4   | 10818 ||| FLEEEEING.
 10819 | Lair:4   | 10819 ||| FLEEEEING.
 10820 | Lair:4   | 10820 ||| FLEEEEING.
 10821 | Lair:4   | 10821 ||| FLEEEEING.
 10887 | Lair:4   | 10887 ||| Stepping ~*~*~tactically~*~*~ (outnumbered).
 10888 | Lair:4   | 10888 ||| Stepping ~*~*~tactically~*~*~ (outnumbered).
 10889 | Lair:4   | 10889 ||| Stepping ~*~*~tactically~*~*~ (outnumbered).
 10890 | Lair:4   | 10890 ||| Stepping ~*~*~tactically~*~*~ (outnumbered).
 10891 | Lair:4   | 10891 ||| Stepping ~*~*~tactically~*~*~ (outnumbered).
 10892 | Lair:4   | 10892 ||| Stepping ~*~*~tactically~*~*~ (outnumbered).
 10904 | Lair:4   | Found a staircase to the Slime Pits.
 10904 | Lair:4   | Found a viscous altar of Jiyva.
 10907 | Lair:4   | 10907 ||| Stepping ~*~*~tactically~*~*~ (stealth).
 10909 | Lair:4   | 10909 ||| Stepping ~*~*~tactically~*~*~ (stealth).
 10913 | Lair:4   | 10913 ||| Stepping ~*~*~tactically~*~*~ (stealth).
 10940 | Lair:4   | Noticed a six-headed hydra
 10941 | Lair:4   | 10941 ||| INVOKING Fiery Armour.
 10945 | Lair:4   | Killed a nine-headed hydra
 10974 | Lair:4   | 10974 ||| PLANNING CONVERSION TO OKAWARU
 11104 | D:5      | Fell from the grace of Ignis
 11104 | D:5      | Became a worshipper of Warmaster Okawaru
 11105 | D:5      | 11105 ||| PLANNING LAIR
 11506 | Lair:4   | Found a transporter.
 11729 | Lair:5   | Entered Level 5 of the Lair of Beasts
 11730 | Lair:5   | 11730 ||| STAIRDANCE
 11736 | Lair:5   | 11736 ||| Stepping ~*~*~tactically~*~*~ (outnumbered).
 11737 | Lair:5   | 11737 ||| Stepping ~*~*~tactically~*~*~ (outnumbered).
 11738 | Lair:5   | 11738 ||| Stepping ~*~*~tactically~*~*~ (outnumbered).
 11742 | Lair:5   | HP: 26/118 [yak (7)]
 11743 | Lair:5   | 11743 ||| READING 5 scrolls of teleportation.
 11743 | Lair:5   | HP: 9/118 [yak (12)]
 11743 | Lair:5   | HP: 4/118 [yak (5)]
 11744 | Lair:5   | 11744 ||| DRINKING potion of heal wounds.
 11746 | Lair:5   | Slain by a yak

Levels and vault maps discovered:
D:1:      roderic_crossed_star, layout_basic
D:2:      layout_basic, minivault_27, chequers_decorated_corner,
          dreamdust_princess_corridor
D:3:      layout_basic, gup_sewer_entry_bowl, serial_curves, eino_curves_04,
          eino_curves_01
D:4:      layout_cave_pools, zin_angel, nicolae_ossuary_entry_catacombs
D:5:      layout_loops_corners, grunt_temple_overflow_opulence,
          mainiacjoe_overflow_alcove_4, nicolae_overflow_crystal_walls
D:6:      layout_loops_ring, minmay_temple_entry_grid, uniq_sigmund
D:7:      layout_cave_pods, minitemple, enter_bailey_2, nicolae_eternal_life
D:8:      layout_rooms, grunt_lair_entry_orc_guard_hut, serial_glass,
          glass_columns_b, glass_columns_b, serial_shops, shop, shop, uniq_erica
Lair:1:   layout_cave_pods, nzn_masters_of_martial_movement, lemuel_fruit_tree,
          grunt_megastairs_4, infiniplex_staircase_pool_2, lemuel_fruit_fields,
          lemuel_fruit_fields, uniq_gastronok
Lair:2:   layout_cellular_growth, elwin_shoals_entry_stream,
          guppyfry_snake_entry_island, enter_volcano_3, grunt_megastairs_3
Lair:3:   layout_hall_layers
Lair:4:   layout_regular_city, minmay_slime_entry_jelly_boxes,
          gammafunk_ghost_arena
Lair:5:   hangedman_lair_in_review, layout_cave_pods, guppyfry_lair_end_dragon

Skill      XL: |  1  2  3  4  5  6  7  8  9 10 11 12 |
---------------+-------------------------------------+-----
Unarmed Combat | 4 5 6 7 9 10 12 14 16 17 | 17.6
Throwing       | 2 3 4 5 6 |  6.0
Fighting       | 3 4 6 7 |  7.0
Dodging        | 1 4 |  4.6
Spellcasting   | |  1.0
Fire Magic     | |  2.1

Action                   |  1- 3 |  4- 6 |  7- 9 | 10-12 || total
-------------------------+-------+-------+-------+-------++-------
Melee: Unarmed           |    45 |   158 |   180 |   274 ||   657
       Punch             |       |     3 |     8 |    22 ||    33
Throw: Javelin           |       |    11 |    51 |    88 ||   150
       Boomerang         |       |       |       |    32 ||    32
Invok: Fiery Armour      |     1 |       |     4 |     8 ||    13
  Use: Scroll            |     1 |     6 |     8 |    12 ||    27
       Potion            |       |     3 |     5 |     5 ||    13
Armor: Robe              |    16 |    40 |    44 |    35 ||   135
Dodge: Dodged            |    19 |    44 |    65 |   102 ||   230

Table legend:
 A = Non-vault XP
 B = Vault XP
 C = Vault XP percentage of total XP
 D = Non-vault monster count
 E = Vault monster count
 F = Vault count percentage of total count
                 A         B        C        D         E       F
            +---------+---------+-------+---------+---------+-------
      Total |   23232 |    8265 |  26.2 |     233 |      44 |  15.9
            +---------+---------+-------+---------+---------+-------
        D:1 |      21 |       0 |   0.0 |      11 |       0 |   0.0
        D:2 |     128 |       0 |   0.0 |      28 |       0 |   0.0
        D:3 |     181 |      21 |  10.4 |      16 |       4 |  20.0
        D:4 |     270 |     394 |  59.3 |      20 |       6 |  23.1
        D:5 |     865 |       0 |   0.0 |      21 |       0 |   0.0
        D:6 |     826 |     223 |  21.3 |      20 |       1 |   4.8
        D:7 |    1378 |       0 |   0.0 |      21 |       0 |   0.0
        D:8 |    1825 |    1380 |  43.1 |      31 |       6 |  16.2
     Lair:1 |    2145 |    3563 |  62.4 |      15 |       6 |  28.6
     Lair:2 |    6334 |    2174 |  25.6 |      16 |       7 |  30.4
     Lair:3 |    3571 |       0 |   0.0 |      12 |       0 |   0.0
     Lair:4 |    5529 |     510 |   8.4 |      21 |      14 |  40.0
     Lair:5 |     159 |       0 |   0.0 |       1 |       0 |   0.0
            +---------+---------+-------+---------+---------+-------
